 Dungeon Crawl Stone Soup version 0.30.0 (webtiles) character file.

Game seed: 9870658603450612806

38148 MacCMillion the Severer (level 13, -2/122 HPs)
             Began as a Minotaur Fighter on May 6, 2023.
             Was a High Priest of Nemelex Xobeh.
             Slain by Snorg (11 damage)
             ... on level 5 of the Lair of Beasts.
             The game lasted 00:30:08 (20500 turns).

MacCMillion the Severer (Minotaur Fighter)         Turns: 20500, Time: 00:30:09

Health: -2/122     AC: 14    Str: 27    XL:     13   Next: 62%
Magic:  20/20      EV: 11    Int:  5    God:    Nemelex Xobeh [*****.]
Gold:   926        SH:  4    Dex:  9    Spells: 12/12 levels left

rFire   . . .        P - +2 war axe (heavy)
rCold   + . .        c - +0 buckler
rNeg    . . .        k - +0 chain mail
rPois   +            (helmet restricted)
rElec   .            N - scarf {shadows}
rCorr   .            (no gloves)
SInv    .            x - +0 pair of boots
Will    .....        (no amulet) Stlth
                     e - ring of protection from cold
HPRegen 0.40/turn    v - ring of poison resistance
MPRegen 0.17/turn

%: no passive effects
@: no status effects
A: horns 2, retaliatory headbutt
a: Renounce Religion, Draw Escape, Draw Destruction, Draw Summoning, Draw Stack,
Triple Draw, Deal Four, Stack Five


You were on level 5 of the Lair of Beasts.
You worshipped Nemelex Xobeh.
Nemelex Xobeh was extremely pleased with you.
You visited 2 branches of the dungeon, and saw 15 of its levels.

You collected 1028 gold pieces.
You spent 102 gold pieces at shops.

Inventory:

Hand Weapons
 a - a +0 war axe
 P - a +2 heavy war axe (weapon)
 Q - a +3 trident of freezing
Missiles
 h - 2 throwing nets (quivered)
Armour
 c - a +0 buckler (worn)
 k - a +0 chain mail (worn)
 x - a +0 pair of boots (worn)
 N - a scarf of shadows (worn)
Jewellery
 e - a ring of protection from cold (left hand)
 j - an amulet of magic regeneration
 v - a ring of poison resistance (right hand)
 C - a +6 ring of intelligence
 G - a ring of wizardry
 I - a ring of ice
Wands
 r - a wand of iceblast (8)
 s - a wand of paralysis (8)
 A - a wand of flame (30)
 F - a wand of digging (7)
Scrolls
 f - 8 scrolls of teleportation
 l - a scroll of immolation
 m - 2 scrolls of amnesia
 n - 5 scrolls of poison
 w - a scroll of enchant armour
 y - a scroll of noise
 D - a scroll of vulnerability
 E - 4 scrolls of fog
 K - a scroll of summoning
 M - a scroll of brand weapon
 O - 3 scrolls of enchant weapon
Potions
 b - 3 potions of lignification
 d - 2 potions of might
 g - 4 potions of mutation
 i - 8 potions of curing
 o - a potion of brilliance
 p - 2 potions of heal wounds
 q - 5 potions of haste
 t - 2 potions of attraction
 u - 2 potions of invisibility
 z - 2 potions of degeneration
 H - 2 potions of magic
 J - 4 potions of flight
 L - a potion of cancellation


   Skills:
 + Level 13.0 Fighting
 - Level 16.0 Axes
 + Level 13.0 Armour
 + Level 7.8 Dodging
 - Level 4.0 Shields
 + Level 11.0 Invocations


You had 12 spell levels left.
You didn't know any spells.
Your spell library contained the following spells:

 Spells                   Type           Power      Damage    Failure   Level
 Dazzling Flash           Conj/Hex       0%         N/A       99%         3
 Portal Projectile        Hex/Tloc       0%         N/A       99%         3
 Tukima's Dance           Hex            0%         N/A       99%         3
 Volatile Blastmotes      Fire/Tloc      0%         2d10      99%         3
 Animate Armour           Summ/Erth      0%         N/A       100%        4
 Iskenderun's Mystic Bla  Conj/Tloc      0%         2d3       100%        4
 Blade Hands              Tmut           0%         N/A       100%        5
 Iron Shot                Conj/Erth      0%         9d1       100%        6
 Starburst                Conj/Fire      0%         6d3       100%        6


Dungeon Overview and Level Annotations

Branches:
Dungeon (10/15)            Temple (0/1) D:7            Lair (5/5) D:8
  Swamp (0/4) Lair:3        Snake (0/4) Lair:2        Slime (0/5) Lair:4
    Orc: D:9-12

Altars:
Dithmenos
Elyvilon
Fedhas
Hepliaklqana
Makhleb
Nemelex Xobeh
Okawaru
Sif Muna
Vehumet
Wu Jian
Yredelemnul
Zin

Shops:
D:2 !   D:7 *   D:10 *

Annotations:
Lair:4 1 runed translucent door, 1 exclusion
Lair:5 Snorg


Innate Abilities, Weirdness & Mutations

You have a pair of horns on your head.
You reflexively headbutt those who attack you in melee.


Message History

You slice the cane toad!!
You kill the cane toad!
Your Invocations skill increases to level 11!
You start resting.
A rime drake comes into view.
The rime drake hisses angrily.
The rime drake closely misses you. x2; You furiously retaliate!
You headbutt the rime drake!
You see here an elephant corpse.
You open the rime drake like a pillowcase!!!
You kill the rime drake!
Things that are here:
a rime drake corpse; a blink frog corpse; a yak corpse You start resting.
Snorg the Insatiable comes into view.
Snorg shouts!
Your centaur warrior wields a +0 shortbow.
Your centaur warrior shoots an arrow.
The arrow barely misses Snorg.
Your centaur warrior disappears in a puff of smoke!
Snorg goes berserk!
Snorg bites you. Snorg claws you! x2
Aiming: Bolt of Light
Press: ? - help, Shift-Dir - straight line, f - Snorg
Aim: Snorg (berserk, 71% to hit)
The bolt of light hits Snorg!
Snorg is lightly wounded.
Snorg is blinded.
The now-empty wand crumbles to dust.
You hear an angry hiss.
Snorg bites you but does no damage. Snorg claws you!
* * * LOW HITPOINT WARNING * * *
Snorg misses you. Snorg bites you!
* * * LOW HITPOINT WARNING * * *
Snorg misses you. Snorg claws you but does no damage. Snorg bites you.
* * * LOW HITPOINT WARNING * * *
Snorg misses you. You block Snorg's attack.
There is a stone staircase leading up here.
Snorg barely misses you. You block Snorg's attack. Snorg claws you!
You die...
Your body glows slightly and disappears.

~~ #.... .#.
~##.[.##... ~
~~~.......
#~~ ~~.......
#~~##........
#~~~#........
#~~~~)@.##
#~~~~~T.P#
#~~##~..##
#~~~#~...#
~~~~~†..#
~.~~.†..#
~~k#†...#
#.~#...###
~~~~..†#.#


You could see Snorg (berserk, blind) and a rime drake.

Vanquished Creatures
  A catoblepas (Lair:5)
  2 death yaks (Lair:4)
  A two-headed ogre (D:9)
  Nergalle (D:10)
  Amaemon (Lair:3)
  A skyshark (Lair:3)
  A mana viper (D:9)
  6 black mambas
  10 elephants
  A torpor snail (Lair:1)
  An orange demon (Lair:3)
  9 cane toads
  5 rime drakes
  3 komodo dragons
  2 trolls (D:9)
  A hornet (D:10)
  A wind drake (Lair:5)
  2 polar bears
  A blink frog (Lair:5)
  2 dream sheep (Lair:1)
  A spriggan (D:9)
  A human (Lair:4)
  2 basilisks
  Eustachio (D:5)
  2 wyverns (Lair:1)
  45 yaks
  3 steam dragons
  3 nagas
  An acid dragon (D:9)
  21 water moccasins
  A sky beast (D:7)
  An ice beast (D:8)
  A swamp drake (D:8)
  2 orc warriors (D:7)
  5 black bears
  21 wolves
  2 centaurs
  An ogre (D:7)
  3 kobold brigands
  7 bullfrogs
  2 scorpions
  A hornet simulacrum (D:8)
  4 wights (D:7)
  A jelly (D:5)
  12 killer bees
  2 howler monkeys
  An electric eel (D:8)
  A cerulean imp (D:8)
  A gnoll bouda (D:7)
  4 hounds
  6 iguanas
  4 orc priests
  5 orc wizards
  2 sleepcaps (D:4)
  Natasha (D:4)
  Terence (D:3)
  4 centaur simulacra (D:8)
  A killer bee simulacrum (D:8)
  5 gnolls
  4 adders
  2 shadow imps
  5 white imps
  3 howler monkey simulacra (D:8)
  2 ufetubi (D:8)
  A worm (D:3)
  2 dart slugs
  31 orcs
  5 ball pythons
  9 bats
  11 endoplasms
  4 giant cockroaches
  10 goblins
  10 hobgoblins
  11 jackals
  A quokka (D:3)
  4 frilled lizards
  19 kobolds
  4 rats
372 creatures vanquished.

Vanquished Creatures (collateral kills)
  2 death yaks (Lair:4)
  A two-headed ogre (D:9)
  A skyshark (Lair:4)
  2 elephants (Lair:5)
  Maurice (D:7)
  3 cane toads
  A polar bear (D:8)
  A wind drake (Lair:5)
  A blink frog (Lair:5)
  5 yaks
  A wyvern (Lair:5)
  A wolf (D:8)
  A scorpion (D:8)
  A bullfrog (D:8)
  A killer bee (D:8)
  A howler monkey (D:8)
24 creatures vanquished.

Vanquished Creatures (others)
  76 fungi
  78 plants
154 creatures vanquished.

Grand Total: 550 creatures vanquished

Notes
Turn   | Place    | Note
-------+----------+-------------------------------------------
     0 | D:1      | MacCMillion the Minotaur Fighter began the quest for the
                  | Orb.
     0 | D:1      | Reached XP level 1. HP: 19/19 MP: 0/0
    27 | D:1      | Reached skill level 3 in Axes
    27 | D:1      | Reached XP level 2. HP: 23/26 MP: 1/1
   366 | D:1      | Reached XP level 3. HP: 28/31 MP: 2/2
   367 | D:1      | Reached skill level 4 in Axes
   650 | D:2      | Found a sparkling altar of Nemelex Xobeh.
   811 | D:2      | Became a worshipper of Nemelex Xobeh the Trickster
   915 | D:2      | Found Pihiosch's Distillery.
   974 | D:2      | Reached XP level 4. HP: 39/39 MP: 3/3
   976 | D:2      | Reached skill level 5 in Axes
  1226 | D:2      | Bought a potion of curing for 42 gold pieces
  1319 | D:3      | Reached * piety under Nemelex Xobeh
  1327 | D:3      | Found a burning altar of Makhleb.
  1352 | D:3      | Noticed Terence
  1359 | D:3      | Killed Terence
  1439 | D:3      | Identified the staff of poison "Xyudyl" {rPois rC+ Will++
                  | Str-2}
  1443 | D:3      | Received a gift from Nemelex Xobeh
  1630 | D:3      | Found a shadowy altar of Dithmenos.
  1759 | D:3      | Reached XP level 5. HP: 45/45 MP: 4/4
  1858 | D:3      | Reached skill level 6 in Axes
  1858 | D:3      | Reached skill level 1 in Invocations
  2140 | D:3      | Found a radiant altar of Vehumet.
  2140 | D:3      | Found a hazy altar of Hepliaklqana.
  2142 | D:3      | Found a shimmering blue altar of Sif Muna.
  2330 | D:4      | Reached ** piety under Nemelex Xobeh
  2440 | D:4      | Noticed Natasha
  2448 | D:4      | Killed Natasha
  2648 | D:4      | Received a gift from Nemelex Xobeh
  3030 | D:4      | Reached XP level 6. HP: 51/51 MP: 6/6
  3264 | D:5      | Entered Level 5 of the Dungeon
  3274 | D:4      | Reached skill level 7 in Axes
  3348 | D:5      | Found a white marble altar of Elyvilon.
  3386 | D:5      | Found an ornate altar of the Wu Jian Council.
  3455 | D:5      | Noticed Eustachio
  3494 | D:5      | Killed Eustachio
  3495 | D:5      | Reached skill level 8 in Axes
  3495 | D:5      | Reached XP level 7. HP: 27/57 MP: 8/8
  3876 | D:5      | Received a gift from Nemelex Xobeh
  3894 | D:5      | Reached skill level 9 in Axes
  4144 | D:5      | Reached *** piety under Nemelex Xobeh
  4661 | D:6      | Reached skill level 10 in Axes
  4714 | D:6      | Reached XP level 8. HP: 40/66 MP: 9/9
  5599 | D:6      | Found a glowing silver altar of Zin.
  5716 | D:6      | Received a gift from Nemelex Xobeh
  5793 | D:6      | Reached **** piety under Nemelex Xobeh
  6261 | D:6      | Received a gift from Nemelex Xobeh
  6588 | D:7      | Reached skill level 11 in Axes
  6588 | D:7      | Reached skill level 5 in Armour
  6942 | D:7      | Reached skill level 5 in Fighting
  7118 | D:7      | Reached XP level 9. HP: 46/74 MP: 11/11
  7614 | D:7      | Found a staircase to the Ecumenical Temple.
  7729 | D:7      | Found Natruz's General Store.
  7737 | D:7      | Bought a potion of heal wounds for 60 gold pieces
  7933 | D:8      | Reached skill level 5 in Invocations
  7957 | D:8      | Reached skill level 12 in Axes
  8191 | D:8      | Received a gift from Nemelex Xobeh
  8195 | D:8      | Reached ***** piety under Nemelex Xobeh
  8220 | D:8      | Noticed Pikel
  8224 | D:8      | Pikel changed into Pikel the naga
  8224 | D:8      | Noticed Pikel
  8234 | D:8      | Killed Pikel the naga
  8257 | D:8      | Noticed Maurice
  8264 | D:8      | Noticed a polar bear
  8294 | D:7      | Killed Maurice
  8557 | D:8      | Killed a polar bear
  8725 | D:8      | Reached skill level 13 in Axes
  8725 | D:8      | Reached XP level 10. HP: 86/86 MP: 13/13
  8923 | D:8      | Found a staircase to the Lair.
  8971 | D:8      | Found a basalt altar of Yredelemnul.
 10326 | D:9      | Reached skill level 14 in Axes
 10426 | D:9      | Received a gift from Nemelex Xobeh
 10889 | D:9      | Noticed a deep elf pyromancer
 11237 | D:9      | Noticed a two-headed ogre
 11251 | D:9      | Killed a two-headed ogre
 11377 | D:9      | a deep elf pyromancer changed into a mana viper
 11377 | D:9      | Noticed a mana viper
 11377 | D:9      | Killed a mana viper
 11378 | D:9      | Reached XP level 11. HP: 73/95 MP: 6/15
 11478 | D:9      | Noticed a two-headed ogre
 11490 | D:9      | Killed a two-headed ogre
 11738 | D:10     | Entered Level 10 of the Dungeon
 11806 | D:9      | Reached skill level 15 in Axes
 12070 | D:10     | Received a gift from Nemelex Xobeh
 12187 | D:10     | Found a blossoming altar of Fedhas.
 12350 | D:10     | Found an iron altar of Okawaru.
 12400 | D:10     | Found Kosah's Serpentskin Sales.
 12494 | D:10     | Noticed Nergalle
 12503 | D:10     | HP: 1/84 [Nergalle/+6 dagger of speed (4)]
 12507 | D:10     | Killed Nergalle
 12711 | D:10     | Identified the staff of poison "Zoumeax" {rPois Str+3}
 12753 | D:10     | Received a gift from Nemelex Xobeh
 12756 | D:10     | Noticed a fire dragon
 13053 | Lair:1   | Entered Level 1 of the Lair of Beasts
 13944 | Lair:1   | Reached skill level 10 in Armour
 13946 | Lair:1   | Reached skill level 10 in Fighting
 13946 | Lair:1   | Reached skill level 16 in Axes
 14644 | Lair:2   | Received a gift from Nemelex Xobeh
 14823 | Lair:2   | Reached XP level 12. HP: 93/106 MP: 17/17
 14869 | Lair:2   | Found a staircase to the Snake Pit.
 15375 | Lair:3   | Reached skill level 10 in Invocations
 15485 | Lair:3   | Reached skill level 1 in Dodging
 15485 | Lair:3   | HP: 3/106 [cane toad (16)]
 15487 | Lair:3   | HP: 1/106 [poisoned by a cane toad]
 15903 | Lair:3   | Noticed Amaemon
 15904 | Lair:3   | Killed Amaemon
 15962 | Lair:3   | Received a gift from Nemelex Xobeh
 16468 | Lair:3   | Found a staircase to the Swamp.
 17218 | Lair:4   | Found a staircase to the Slime Pits.
 17317 | Lair:4   | Reached skill level 5 in Dodging
 17675 | Lair:4   | Received a gift from Nemelex Xobeh
 18047 | Lair:4   | Identified the +3 falchion of Chagrin {flame, Str+3}
 18083 | Lair:4   | Noticed a death yak
 18083 | Lair:4   | Noticed a death yak
 18083 | Lair:4   | Noticed a death yak
 18083 | Lair:4   | Noticed a death yak
 18102 | Lair:4   | Killed a death yak
 18137 | Lair:4   | Killed a death yak
 18139 | Lair:4   | Killed a death yak
 18140 | Lair:4   | Reached XP level 13. HP: 82/118 MP: 15/19
 18660 | Lair:4   | Found a runed translucent door.
 19186 | Lair:5   | Entered Level 5 of the Lair of Beasts
 20490 | Lair:5   | Noticed Snorg
 20500 | Lair:5   | Slain by Snorg

Illustrated notes

Levels and vault maps discovered:
D:1:      dpeg_arrival_pond, layout_basic, st_stairs_10,
          minmay_misc_feat_rugged, minmay_heptomino_l4
D:2:      layout_rooms, basic_altar, serial_shops, nicolae_shop_waterfront
D:3:      layout_loops_corners, mainiacjoe_overflow_24_doors,
          gammafunk_temple_overflow_claw, mainiacjoe_overflow_surrounded_room,
          uniq_terence
D:4:      layout_gridville, uniq_natasha
D:5:      wander_river, layout_loops_corners, elyvilon_altar_5,
          pdpol_wu_jian_five_deadly_venoms, minivault_11, grunt_decor_fettered,
          serial_bayou_crossing, uniq_eustachio
D:6:      layout_layer_cave, mainiacjoe_overflow_brackets
D:7:      layout_loops_cross, minmay_temple_entry_tees, serial_shops, shop,
          nrook_mini_vaults, kennysheep_generic_room_14
D:8:      layout_loops_ring, marbit_many_paths, due_lair_maze_entry_diamond,
          serial_ice, serial_ice_c, serial_ice_a, serial_ice_j, serial_ice_e,
          serial_ice_h, serial_ice_m, serial_ice_b, serial_ice_n, serial_ice_o,
          serial_ice_d, uniq_maurice, uniq_pikel
D:9:      layout_roguey
D:10:     dragon1_lemuel, layout_basic, okawaru_metal_pillars_3,
          mainiacjoe_overflow_boulevard, guppyfry_shop_venom, uniq_nergalle
Lair:1:   layout_regular_city
Lair:2:   layout_misc_corridors, minmay_snake_entry_guardpost_small,
          columned_hall_lemuel
Lair:3:   layout_long_grid, swamp_mist, chequers_serial_rivers_marsh,
          nicolae_quartered_pool_super, guppyfry_lair_drakes, uniq_amaemon
Lair:4:   layout_regular_city, slime_entry_1, gauntlet_entry_generic,
          pdpol_lair_cabin_in_the_woods, grunt_megastairs_4
Lair:5:   gammafunk_lair_ancient_temple, layout_hall_layers,
          infiniplex_staircase_pool_2, lemuel_fruit_tree, uniq_snorg

Skill      XL: |  1  2  3  4  5  6  7  8  9 10 11 12 13 |
---------------+----------------------------------------+-----
Axes           | 3 4 5 6 8 10 11 13 14 16 | 16.0
Shields        | 4 |  4.0
Invocations    | 2 3 4 5 7 9 10 11 | 11.0
Armour         | 4 5 7 8 10 12 13 | 13.0
Fighting       | 5 7 8 10 12 13 | 13.0
Dodging        | 6 7 |  7.8

Action                     |  1- 3 |  4- 6 |  7- 9 | 10-12 | 13-15 || total
---------------------------+-------+-------+-------+-------+-------++-------
  Melee: War axe           |   118 |   130 |   285 |   577 |   129 ||  1239
         Headbutt          |    10 |    22 |    36 |   121 |    28 ||   217
 Invoke: Draw Destruction  |       |       |     5 |     7 |     3 ||    15
         Draw Summoning    |       |       |     4 |     8 |     3 ||    15
         Deal Four         |       |       |       |     4 |       ||     4
         Stack Five        |       |       |       |     1 |       ||     1
  Evoke: Wand              |       |       |       |     3 |     1 ||     4
    Use: Potion            |       |       |     3 |     2 |       ||     5
         Scroll            |       |       |       |    19 |     1 ||    20
   Stab: Petrified         |       |       |       |     8 |       ||     8
         Petrifying        |       |       |       |     2 |       ||     2
         Paralysed         |       |       |       |     4 |       ||     4
 Armour: Scale mail        |    67 |       |       |       |       ||    67
         Chain mail        |     8 |    62 |   155 |   239 |    66 ||   530
  Dodge: Dodged            |    55 |    60 |   101 |   179 |    69 ||   464
  Block: Buckler           |    23 |    31 |    55 |    94 |    21 ||   224
